AoeStats
← Andre_Roach

Arabia

507650838Analyzed
1v1 RM · 12d ago on Sep 19, 2026· 33m 25s· 2 players
Game mode
Random Map
Map size
Tiny (2 player)
Population
200
Speed
Normal
Resources
Standard
Victory
Conquest
Starting age
Dark Age
Ending age
Imperial Age
RankedLock teamsTeams togetherTeam positionsShared explorationLock speedFull tech treeHidden civsTurbo modeCheats
Victory
Defeat
🇺🇸 Chinese · United States
1176
+17
🇺🇸 Mongols · United States
1189
-17
Andre_Roach
0:28 Loom
10:07 Feudal Age
10:49 Double-Bit Axe
15:19 Fletching
17:25 Horse Collar
24:46 Castle Age
23:45 Padded Archer Armor
26:02 Bow Saw
27:09 Bodkin Arrow
27:26 Gold Mining
28:44 Wheelbarrow
32:27 Thumb Ring
32:37 Thumb Ring
34:20 Ballistics
Slayer
4:31 Loom
7:42 Feudal Age
12:03 Fletching
23:41 Castle Age
23:13 Padded Archer Armor
23:28 Double-Bit Axe
23:25 Horse Collar
29:05 Bodkin Arrow
33:58 Leather Archer Armor
Connection lost

Rejoining the realm…

Still unreachable

The connection could not be restored.

Session expired

The server has moved on; the page needs a fresh start.